 Dungeon Crawl Stone Soup version 0.27.1-33-g824d729ab1 (webtiles) character file.

Game seed: 1987607385948548657

55 Ireaine the Skirmisher (level 3, -1/29 HPs)
             Began as a Demonspawn Abyssal Knight on Dec 17, 2021.
             Was a Follower of Lugonu.
             Succumbed to an adder's poison
             ... on level 2 of the Dungeon.
             The game lasted 00:07:34 (2404 turns).

Ireaine the Skirmisher (Demonspawn Abyssal Knight)  Turns: 2404, Time: 00:07:34

Health: -1/29      AC:  4    Str: 13    XL:     3   Next: 67%
Magic:  4/4        EV:  8    Int: 13    God:    Lugonu [*.....]
Gold:   78         SH:  7    Dex: 14    Spells: 2/2 levels left

rFire    . . .     SeeInvis .   a - +1 hand axe
rCold    . . .     Faith    .   h - +0 kite shield
rNeg     . . .     Spirit   .   b - +0 leather armour
rPois    .         Reflect  .   (no helmet)
rElec    .         Harm     .   (no cloak)
rCorr    .         Rampage  .   (no gloves)
Will     .....                  g - +0 pair of boots
Stlth    ++........             (no amulet)
HPRegen  0.09/turn              (no ring)
MPRegen  0.09/turn              (no ring)

@: lethally poisoned (-1 -> -12)
A: claws 1, thin skeletal structure 1
a: Renounce Religion, Depart the Abyss


You were on level 2 of the Dungeon.
You worshipped Lugonu.
Lugonu was aware of your devotion.
You visited 1 branch of the dungeon, and saw 3 of its levels.
You visited the Abyss 1 time.

You collected 78 gold pieces.

Inventory:

Hand Weapons
 a - a +1 hand axe (weapon)
Armour
 b - a +0 leather armour (worn)
 g - a +0 pair of boots (worn)
 h - a +0 kite shield (worn)
Scrolls
 c - 2 scrolls of identify {unknown}
 e - a scroll of teleportation {unknown}
 j - a scroll of magic mapping {unknown}
Potions
 d - a potion of heal wounds {unknown}
 f - a potion of flight {unknown}
 i - a potion of lignification {unknown}


   Skills:
 + Level 3.4 Fighting
 * Level 2.6 Axes
 + Level 2.0 Armour
 + Level 1.2 Dodging
 * Level 1.2 Stealth
 - Level 2.4 Invocations


You had 2 spell levels left.
You didn't know any spells.
Your spell library was empty.

Dungeon Overview and Level Annotations

Branches:
Dungeon (3/15)

Altars:
Qazlal


Innate Abilities, Weirdness & Mutations

You have sharp fingernails.
You have a somewhat thin skeletal structure. (Dex +2, Stealth+)


Message History

The adder poisons you! The adder bites you but does no damage.
You closely miss the adder.
The adder is moderately wounded.
You feel sick. The adder barely misses you. You block the adder's attack.
You hit the adder.
The adder is heavily wounded.
You feel sick. You block the adder's attack.
You hit the adder.
The adder is almost dead.
You feel sick.
You are no longer poisoned.
The adder bites you but does no damage. The adder bites you.
You closely miss the adder.
The adder is almost dead.
The adder bites you but does no damage. The adder bites you.
You are poisoned.
The adder poisons you!
You miss the adder.
The adder is severely wounded.
You feel sick. The adder bites you.
You are more poisoned.
The adder poisons you! The adder bites you.
You are lethally poisoned!
The adder poisons you!
You completely miss the adder.
The adder is severely wounded.
You feel very sick. The adder closely misses you. The adder bites you.
* * * LOW HITPOINT WARNING * * *
You are more poisoned.
The adder poisons you!
You closely miss the adder.
The adder is severely wounded.
* * * LOW HITPOINT WARNING * * *
You feel very sick. The adder barely misses you. The adder closely misses you.
Unknown command.
You hit the adder but do no damage.
The adder is severely wounded.
You die...

.# #.#.##.#########.#
#..###.## .#
#.#.##)..........#
###.#.... .#
#.#.###..........#
##.#.## .#
#.....#.########.#
#.#.#. .#####...).#.##
#.# #.#.#.
..............# #.#
#.....
...........#..#######.#
#...#.
.#####.....#..#..)....#
#.#.#. .#
###.......S@.....#
#.#.## .#
..........#####.#
#..... .# #######..###
#.# .# .# #..# #.# # ##
#..# #.# #.# .#


You could see an adder.

Vanquished Creatures
  An adder (D:2)
  2 worms (D:2)
  An orc (D:2)
  4 endoplasms
  5 goblins
  7 hobgoblins
  3 kobolds
  A quokka (D:2)
  2 ball pythons
  3 bats
  6 rats
35 creatures vanquished.

Notes
Turn   | Place    | Note
-------+----------+-------------------------------------------
     0 | Abyss:1  | Ireaine the Demonspawn Abyssal Knight began the quest for
                  | the Orb.
     0 | Abyss:1  | Reached XP level 1. HP: 18/18 MP: 2/2
    53 | Abyss:1  | Noticed a fire bat
    54 | Abyss:1  | Noticed a fire bat
    55 | D:1      | Escaped the Abyss
    95 | D:1      | Found a faded altar of an unknown god.
    96 | D:1      | Noticed an eye of devastation
   100 | D:1      | Noticed a great orb of eyes
   100 | D:1      | Noticed an eye of devastation
   100 | D:1      | Noticed a golden eye
   136 | D:1      | Reached * piety under Lugonu
   137 | D:1      | Reached skill level 1 in Dodging
   509 | D:1      | Gained mutation: You have a somewhat thin skeletal
                  | structure. (Dex +2, Stealth+) [demonic ancestry]
   509 | D:1      | Reached XP level 2. HP: 24/24 MP: 3/3
  1281 | D:2      | Found a stormy altar of Qazlal.
  1537 | D:2      | Gained mutation: You have sharp fingernails. [demonic
                  | ancestry]
  1537 | D:2      | Reached XP level 3. HP: 29/29 MP: 4/4
  1722 | D:2      | Reached skill level 1 in Stealth
  2404 | D:2      | Succumbed to an adder's poison

Illustrated notes

Levels and vault maps discovered:
D:1:      ncdulo_lavacross, layout_loops_ring,
          hellmonk_ecumenical_altar_watching_god
D:2:      layout_loops_ring, basic_altar, st_stairs_3, minmay_crystal_room
D:3:      layout_basic, vehumet_crystals, kennysheep_slug_shrine, uniq_natasha

Skill      XL: |  1  2  3 |
---------------+----------+-----
Dodging        | 1 |  1.2
Axes           | 2 |  2.6
Stealth        | 1 |  1.2
Armour         | 2 |  2.0
Fighting       | |  3.4
Invocations    | |  2.4

Action                   || total
-------------------------++-------
Melee: Hand axe          ||   115
Invok: Depart the Abyss  ||     1
 Stab: Sleeping          ||     3
Armor: Leather armour    ||    44
Dodge: Dodged            ||    54
Block: Kite shield       ||    24
